AoeStats
← SnK | YSYSMOOO

Arena

506724787Analyzed
3v3 RM · 18d ago on Sep 14, 2026· 36m 45s· 6 players
Game mode
Random Map
Map size
Normal (6 player)
Population
200
Speed
Normal
Resources
Standard
Victory
Conquest
Starting age
Dark Age
Ending age
Imperial Age
RankedLock teamsTeams togetherTeam positionsShared explorationLock speedFull tech treeHidden civsTurbo modeCheats
Victory
Defeat
🇦🇷 Turks · Argentina
1642
+5
🇦🇷 Khmer · Argentina
1129
+23
🇦🇷 Spanish · Argentina
1057
+26
🇮🇹 Byzantines · Italy
1315
-18
🇮🇹 Gurjaras · Italy
1314
-18
🇮🇹 Britons · Italy
1314
-18
SnK | YSYSMOOO
10:31 Feudal Age
9:14 Loom
12:06 Double-Bit Axe
14:25 Castle Age
13:40 Horse Collar
25:11 Town Watch
26:40 Wheelbarrow
28:57 Double-Bit Axe
30:21 Bow Saw
31:43 Padded Archer Armor
33:08 Heavy Plow
34:59 Hand Cart
SnK MaTyYkai9z
0:33 Loom
11:54 Feudal Age
10:45 Loom
17:36 Castle Age
15:24 Double-Bit Axe
19:16 Horse Collar
19:49 Bow Saw
19:47 Padded Archer Armor
29:58 Gold Mining
31:19 Husbandry
33:53 Bloodlines
33:41 Stone Mining
33:35 Light Cavalry
34:26 Scale Barding Armor
34:39 Leather Archer Armor
Trueno
10:48 Feudal Age
13:58 Castle Age
12:37 Double-Bit Axe
12:35 Horse Collar
15:17 Bow Saw
15:35 Heavy Plow
29:38 Imperial Age
26:58 Loom
27:51 Wheelbarrow
27:04 Town Watch
27:28 Gold Mining
27:28 Stone Mining
28:45 Forging
28:41 Scale Barding Armor
29:00 Husbandry
29:11 Bloodlines
28:22 Light Cavalry
30:48 Gold Shaft Mining
30:48 Stone Shaft Mining
31:04 Iron Casting
30:49 Chain Barding Armor
30:55 Hand Cart
30:54 Hussar
30:58 Cavalier
34:11 Blast Furnace
33:47 Plate Barding Armor
35:06 Conscription
TheKingFC
11:00 Feudal Age
15:32 Castle Age
15:02 Fletching
15:38 Crossbowman
19:08 Bodkin Arrow
20:56 Loom
22:42 Wheelbarrow
23:37 Elite Skirmisher
26:47 Double-Bit Axe
26:43 Horse Collar
29:00 Bow Saw
31:54 Ballistics
33:00 Hand Cart
37:46 Imperial Age
36:13 Forging
wunderlich84
10:31 Feudal Age
14:28 Castle Age
12:24 Loom
14:11 Double-Bit Axe
14:07 Horse Collar
21:46 Bow Saw
22:51 Forging
25:42 Scale Barding Armor
25:50 Fletching
28:04 Bodkin Arrow
35:45 Imperial Age
35:55 Imperial Age
34:56 Chain Barding Armor
35:21 Bloodlines
Rothrak
10:14 Feudal Age
11:27 Double-Bit Axe
14:12 Fletching
23:35 Castle Age
21:22 Loom
24:36 Crossbowman
27:05 Loom
32:05 Gold Mining
34:04 Bodkin Arrow
Connection lost

Rejoining the realm…

Still unreachable

The connection could not be restored.

Session expired

The server has moved on; the page needs a fresh start.